 Dungeon Crawl Stone Soup version 0.31-a0-925-g0a390f2509 (webtiles) character file.

Game seed: 14853299777568812954

109 omnomnOMINOUS the Ducker (level 4, 0/31 HPs)
             Began as an Octopode Wanderer on Oct 18, 2023.
             Slain by Edmund
             ... wielding a +0 flail of protection
              (4 damage)
             ... on level 4 of the Dungeon.
             The game lasted 00:04:56 (1895 turns).

omnomnOMINOUS the Ducker (Octopode Wanderer)        Turns: 1895, Time: 00:04:57

Health: 0/31       AC:  1    Str: 12    XL:     4   Next: 89%
Magic:  7/7        EV: 14    Int: 14    God:
Gold:   96         SH:  0    Dex: 12    Spells: 3/7 levels left

rFire   . . .        a - +0 dagger
rCold   . . .        (no shield)
rNeg    . . .        e - +0 hat
rPois   .            (no amulet)
rElec   .            (no ring)
rCorr   .            (no ring)
SInv    .            (no ring)
Will    .....        (no ring)
Stlth   +++          (no ring)
HPRegen 0.25/turn    (no ring)
MPRegen 0.10/turn    (no ring)
                     (no ring)

%: no passive effects
@: no status effects
A: almost no armour, amphibious, 8 rings, camouflage 1, gelatinous body 1,
(nimble swimmer 1), tentacles
a: no special abilities


You were on level 4 of the Dungeon.
You visited 1 branch of the dungeon, and saw 4 of its levels.

You collected 96 gold pieces.

Inventory:

Hand Weapons
 a - a +0 dagger (weapon)
 d - a +0 mace
Missiles
 b - an atropa-tipped dart (quivered)
 c - 2 datura-tipped darts
 n - 2 poisoned darts
Armour
 e - a +0 hat (worn)
Jewellery
 o - a ring of fire
Scrolls
 g - a scroll of immolation {unknown}
 j - a scroll of enchant weapon {unknown}
 k - a scroll of identify {unknown}
 p - a scroll of noise {unknown}
Potions
 f - a potion of brilliance
 h - 3 potions of curing {unknown}
 i - 2 potions of heal wounds {unknown}
 l - a potion of enlightenment {unknown}
 m - a potion of lignification {unknown}


   Skills:
 + Level 3.1 Fighting
 - Level 1.0 Maces & Flails
 - Level 1.0 Throwing
 + Level 3.8 Dodging
 - Level 2.6 Stealth
 - Level 2.0 Spellcasting
 + Level 0.5 Conjurations
 + Level 0.5 Air Magic
 - Level 1.0 Invocations


You had 3 spell levels left.
You knew the following spells:

 Your Spells              Type           Power      Damage    Failure   Level
a - Shock                 Conj/Air       8%         1d3       19%         1
b - Swiftness             Air            2%         N/A       50%         3

Your spell library contained the following spells:

 Spells                   Type           Power      Damage    Failure   Level
 Inner Flame              Hex/Fire       1%         N/A       56%         3
 Airstrike                Air            1%         2d(1-17)  88%         4
 Flame Wave               Conj/Fire      2%         2d4       91%         4
 Sticky Flame             Conj/Fire      2%         2d3       91%         4


Dungeon Overview and Level Annotations

Branches:
Dungeon (4/15)
 Temple: D:4-7

Altars:
Cheibriados
Qazlal

Annotations:
D:2 Sigmund
D:4 Edmund


Innate Abilities, Weirdness & Mutations

You cannot wear most types of armour.
You are amphibious.
You can wear up to eight rings at the same time.
Your skin changes colour to match your surroundings (Stealth+).
Your rubbery body absorbs attacks. (AC +1, EV +1)
((You are camouflaged when in or above water. (Stealth+)))
You have tentacles for arms and can constrict up to eight enemies at once.


Message History

A giant cockroach comes into view.
The helpless Edmund fails to defend himself.
You hit Edmund. Your grab misses Edmund. Your squeeze misses Edmund.
Edmund is lightly wounded.
Edmund closely misses you.
You hit Edmund but do no damage. Your grab misses Edmund.
Edmund is lightly wounded.
Edmund hits you with a +0 flail of protection!
Edmund attacks as he pursues you! Edmund misses you.
Edmund attacks as he pursues you!
Edmund hits you with a +0 flail of protection!
Edmund attacks as he pursues you!
Edmund hits you with a +0 flail of protection.
There is a stone staircase leading up here.
Throw: 2 darts (atropa)
Press: ? - help, Q - select action, (/) - cycle Shift-Dir - straight line, f - Edmund
Aim: Edmund, wielding a +0 flail of protection and wearing a +0 chain mail (62% to hit, chance to blind on hit: 67%)
You throw an atropa-tipped dart. The atropa-tipped dart hits Edmund.
Edmund appears confused.
You catch the helpless Edmund completely off-guard!
You hit Edmund but do no damage. You grab Edmund. You squeeze Edmund.
Edmund is lightly wounded.
You constrict Edmund.
Edmund seems less confused.
Edmund closely misses you.
You hit Edmund but do no damage. You squeeze Edmund, but do no damage.
Edmund is lightly wounded.
You constrict Edmund, but do no damage. Edmund completely misses you.
You hit Edmund. Your squeeze misses Edmund.
Edmund is lightly wounded.
You constrict Edmund, but do no damage. Edmund barely misses you.
You hit Edmund but do no damage.
Edmund is lightly wounded.
You constrict Edmund.
Edmund is no longer blind.
Edmund hits you with a +0 flail of protection!
* * * LOW HITPOINT WARNING * * *
You hit Edmund but do no damage. You squeeze Edmund, but do no damage.
Edmund is moderately wounded.
You constrict Edmund, but do no damage.
Edmund hits you with a +0 flail of protection.
You die...
Edmund says, "I'd like to see a scythe do that!"

...........# #
.#.#...#.#.###.#
..#.#.#.......#
#.......##.####.#
.....#...........#
#....#....#..#####
.....#.......#
#.......##..#
..#.#.#B@@..#
#...#.#.#.#
...........#
##.....##...#
....... #...#
.#.###. #.#.# . ..
....# . #...#


You could see Edmund and a giant cockroach.

Vanquished Creatures
  2 orc wizards (D:3)
  2 dart slugs (D:2)
  6 orcs (D:3)
  2 ball pythons
  4 bats
  7 endoplasms
  A giant cockroach (D:3)
  6 goblins
  3 hobgoblins
  2 jackals (D:3)
  2 quokkas
  A frilled lizard (D:3)
  2 kobolds
  5 rats
45 creatures vanquished.

Notes
Turn   | Place    | Note
-------+----------+-------------------------------------------
     0 | D:1      | omnomnOMINOUS the Octopode Wanderer began the quest for the
                  | Orb.
     0 | D:1      | omnomnOMINOUS set off with the following items: a +0
                  | dagger, 2 atropa-tipped darts, 2 datura-tipped darts, a +0
                  | mace, a +0 hat, a potion of brilliance.
     0 | D:1      | Reached XP level 1. HP: 14/14 MP: 1/1
   159 | D:1      | Reached XP level 2. HP: 19/19 MP: 2/2
   505 | D:1      | Reached skill level 1 in Spellcasting
   665 | D:2      | Noticed Sigmund
   844 | D:2      | Reached XP level 3. HP: 25/25 MP: 4/4
  1120 | D:3      | Reached XP level 4. HP: 3/31 MP: 6/6
  1288 | D:3      | Learned a level 1 spell: Shock
  1292 | D:3      | Learned a level 3 spell: Swiftness
  1476 | D:3      | Found a snail-covered altar of Cheibriados.
  1477 | D:3      | Found a stormy altar of Qazlal.
  1876 | D:4      | Noticed Edmund
  1895 | D:4      | Slain by Edmund

Illustrated notes

Levels and vault maps discovered:
D:1:      tarquinn_simple_flora_water_c, layout_loops_ring
D:2:      layout_basic, uniq_sigmund
D:3:      layout_loops_ring, mainiacjoe_overflow_divided_tiny
D:4:      nicolae_cairo_tiling_large_dashed, layout_basic,
          makhleb_heckhound_becter, uniq_pikel, uniq_eustachio, uniq_edmund,
          uniq_ijyb, uniq_natasha

Skill      XL: |  1  2  3  4 |
---------------+-------------+-----
Spellcasting   | 1 2 |  2.0
Fighting       | 3 |  3.1
Maces & Flails | |  1.0
Throwing       | |  1.0
Dodging        | |  3.8
Stealth        | |  2.6
Conjurations   | |  0.5
Air Magic      | |  0.5
Invocations    | |  1.0

Action                     |  1- 3 |  4- 6 || total
---------------------------+-------+-------++-------
  Melee: Dagger            |    67 |    38 ||   105
         Constrict         |    14 |     8 ||    22
         Tentacles         |    16 |    11 ||    27
         Punch             |     2 |     1 ||     3
  Throw: Dart              |       |     1 ||     1
   Stab: Sleeping          |    13 |     3 ||    16
         Invisible         |       |     1 ||     1
 Armour: Skin              |    14 |    14 ||    28
  Dodge: Dodged            |    31 |    22 ||    53

Table legend: (Time is in decaauts)
 A = Elapsed time spent in this place.
 B = Non-inter-level travel time spent in this place.
 C = Inter-level travel time spent in this place.
 D = Time resting spent in this place.
 E = Time spent auto-exploring this place.
 F = Levels seen in this place.
 G = Mean time per level.
                   A        B        C        D        E       F      G
               +--------+--------+--------+--------+--------+-----+--------+
         Total |   1893 |   1833 |     60 |    160 |   1326 |   4 |  473.2 |
       Dungeon |   1893 |   1833 |     60 |    160 |   1326 |   4 |  473.2 |
               +--------+--------+--------+--------+--------+-----+--------+

Top non-repeatable levels by time:
     D:3: 916 daAuts
     D:1: 594 daAuts
     D:2: 355 daAuts
     D:4: 27 daAuts
